Bacon, lawful female human Knight ----- * --- |....| $ --.-- --- |....--- |...| -----.------- ----...| $ ---- ---...|----(.%(..)|...--- |...| * $ ---..-- |....---..%(.|.(.|......| ---.--- |.....-- --.....|....----.--.%..%.--- |...--- ---......##T@ |...................^.......| |--...-- * |...|.---- ----............-----...[....|.---- |......--- ---.----- |...............^|.--......--|....----........| |...| |..--.<..................--- --.....|.... ....| $ ---.--- $ --.||.................---- --.......). ..-- ....| |.|--.....-%. ...-- ---....... ...---- ....- --.| |.....%.. ..- |...... ......| ... ..--------------..- ----..... -.| ---... .........-- ....................... |... ...---.--- |... ...........| -..........--------... |.............-- --......---....-- |....... |-.....--......| |.....-- |....| .... |...------.....#####*##### ---...| ---.-- --..| ------- # ----- --- ---- Bacon the Bachelor Experience level: 8 Strength: 25 Dexterity: 9 Constitution: 14 Intelligence: 8 Wisdom: 16 Charisma: 16 Health: 0(61) Energy: 69(69) Def: 6 Gold: 759 Moves: 3666 Dungeon seed: w4p-50NNF33Rznbb Game ID: Bacon_1512336817 Your Inventory: Coins $ - 759 gold pieces Weapons a - an uncursed thoroughly rusty +2 long sword v - an uncursed +0 dwarvish mattock (weapon in hands) C - an uncursed +0 bow of fire (alternate weapon; not wielded) E - 18 uncursed +0 arrows F - an uncursed +0 long sword of mercy T - 7 uncursed +2 arrows (in quiver) Armor q - an uncursed +0 small shield u - an uncursed +0 elven mithril-coat (being worn) y - an uncursed thoroughly rusty +0 pair of gauntlets of power (being worn) z - a cursed -1 pair of fumble boots A - an uncursed +0 elven cloak (being worn) Comestibles b - an uncursed food ration c - 10 uncursed apples d - 2 uncursed carrots i - an uncursed tripe ration p - an uncursed sprig of wolfsbane Scrolls x - a cursed scroll of blank paper Potions l - 2 uncursed potions of water K - a blessed potion of object detection Tools g - an uncursed skeleton key m - an uncursed oil lamp (0:48) w - an uncursed towel H - an uncursed +0 unicorn horn I - an uncursed figurine of a dwarf S - an uncursed magic whistle V - an uncursed sack X - a blessed can of grease (0:1) Gems e - an uncursed agate stone h - 2 uncursed topaz stones j - 2 uncursed worthless pieces of black glass n - an uncursed jade stone r - an uncursed ruby s - an uncursed amethyst stone B - an uncursed worthless piece of red glass D - 3 uncursed worthless pieces of yellowish brown glass M - an uncursed worthless piece of white glass N - 2 uncursed worthless pieces of blue glass R - an uncursed worthless piece of violet glass W - an uncursed chrysoberyl stone Y - 2 uncursed worthless pieces of orange glass Z - 2 uncursed worthless pieces of yellow glass Spells and supernatural/magical abilities: Spells marked with '*' are forgotten. Spells marked with '!' are maintained. Spells marked with '#' are aliased with 'castalias'. Name Level Category Fail Memory p - protection 1 clerical 100% 100% z - sleep 1 enchantment 100% 95% K - cure sickness 3 healing 100% 95% W - pray for help -- divine ? -- X - turn undead -- divine ? -- Your skills at the end: Fighting Skills riding [Basic] wands [Basic] Weapon Skills long sword [Skilled] lance [Basic] Spellcasting Skills Final Attributes: You were cold resistant. You saw invisible. You were stealthy. You could jump. You were fast. You were lucky. You last prayed 20 turns ago. You are dead. Vanquished creatures: an Aleax a stalker a small mimic a pyrolisk a shocking sphere a lynx 2 giant spiders an ice vortex a gnome king a rust monster 2 owlbears a yeti a gold golem 2 Green-elves a jaguar a dwarf lord a gray unicorn a dust vortex a human zombie a rope golem 3 bugbears a mountain nymph a rock piercer a pony 2 fog clouds a yellow light 11 gnome lords 7 gnomish wizards a kobold mummy a red naga hatchling a gray ooze a barrow wight a kitten 6 dwarves 4 killer bees a large kobold 2 hobgoblins 54 gnomes 3 gnome zombies a gecko 3 jackals a fox 2 kobolds 4 sewer rats 5 grid bugs 3 lichens a kobold zombie 2 newts 147 creatures vanquished. Voluntary challenges: You used a wielded weapon 179 times, starting on turn 51. You read items or engraved 13 times, starting on turn 159. You never genocided any monsters. You never polymorphed an object. You changed form 1 time, starting on turn 3257. You used no wishes. You never split a pudding. You never wrote Elbereth's name. You violated your moral code, losing 2 points of alignment, starting on turn 1939. Dungeon overview: The Dungeons of Doom: levels 1 to 2 Level 1 a fountain, a vault a long staircase Level 2 stairs to The Gnomish Mines The Gnomish Mines: levels 3 to 10 Level 3 stairs to The Dungeons of Doom Level 4 Level 5 some shops, a temple to Brigit, some fountains Level 6 Level 7 Level 8 Level 9 Level 10 <- You were here History has recorded: On T:1 you entered the Dungeons of Doom to retrieve the Amulet of Yendor! On T:304 you reached level 2 of The Dungeons of Doom. On T:385 you advanced to experience level 2. On T:645 you reached level 1 of The Gnomish Mines. On T:672 you advanced to experience level 3. On T:726 you advanced to experience level 4. On T:900 you reached level 2 of The Gnomish Mines. On T:912 you advanced to experience level 5. On T:1203 you reached level 3 of The Gnomish Mines. On T:1316 you advanced to experience level 6. On T:1974 you reached level 4 of The Gnomish Mines. On T:2174 you advanced to experience level 7. On T:2357 you reached level 5 of The Gnomish Mines. On T:2630 you reached level 6 of The Gnomish Mines. On T:2862 you reached level 7 of The Gnomish Mines. On T:3018 you advanced to experience level 8. On T:3085 you reached level 8 of The Gnomish Mines. Score breakdown: Gold: 759 ( 9799 points) Experience: 8 levels (14739 points) Exploration: 10 levels ( 19.61%) (12727 points) Discoveries: 22 items ( 8.80%) ( 8899 points) Valuables value: (no points given unless you survive) Artifact value: 0 ( 0 points) Variety of kills: 48 monsters ( 12.63%) (10662 points) Turncount: 3666 turns ( -896 points) Survival: died (score multiplied by 80%) Total score: 44744 Latest messages: You start digging downward. You dig a pit in the ground. You continue digging downward. You stop digging. You continue digging downward. You stop digging. The troll thrusts her partisan at you. The troll hits! (2x) The troll bites! This tastes like Durain juice. (You can name a puce potion from the item naming menu.) The troll thrusts her partisan at you. The troll hits! You die... The sack is empty. The sack is empty. Final status: Fare thee well Bacon the Knight, killed by a troll... You died in The Gnomish Mines on dungeon level 10 with 44744 points, and 759 pieces of gold, after 3666 moves. You were level 8 with a maximum of 61 hit points when you died.